 Dungeon Crawl Stone Soup version 0.31.0-11-ge490571c62 (webtiles) character file.

Game seed: 16085527796334290431

143 Datul the Magician (level 5, 0/37 HPs)
             Began as a Gnoll Hedge Wizard on Jan 29, 2024.
             Incinerated by a bombardier beetle (5 damage)
             ... with a burning spray
             ... on level 4 of the Dungeon.
             The game lasted 00:10:43 (3006 turns).

Datul the Magician (Gnoll Hedge Wizard)             Turns: 3006, Time: 00:10:43

Health: 0/37       AC:  3    Str:  9    XL:     5   Next: 25%
Magic:  2/14       EV: 13    Int: 16    God:
Gold:   101        SH:  0    Dex: 11    Spells: 10/18 levels left

rFire   . . .        a - staff of cold
rCold   + . .        (no shield)
rNeg    . . .        m - +0 robe
rPois   .            r - +0 helmet
rElec   .            (no cloak)
rCorr   .            (no gloves)
SInv    .            (no boots)
Will    .....        (no amulet)
Stlth   +            (no ring)
HPRegen 0.26/turn    (no ring)
MPRegen 0.14/turn

%: no passive effects
@: on fire, hasted, glowing, very quick
A: fangs 1, strong nose, distributed training
a: no special abilities


You were on level 4 of the Dungeon.
You visited 1 branch of the dungeon, and saw 4 of its levels.

You collected 101 gold pieces.

Inventory:

Hand Weapons
 b - a +2 sling of freezing
 i - a +1 antimagic dagger
 n - a +2 dagger of electrocution
Missiles
 o - 4 poisoned darts
Armour
 m - a +0 robe (worn)
 r - a +0 helmet (worn)
Magical Staves
 a - a staff of cold (weapon)
Wands
 l - a wand of iceblast (8)
Scrolls
 f - 4 scrolls of identify {unknown}
 g - 2 scrolls of revelation {unknown}
 j - 2 scrolls of teleportation {unknown}
 k - a scroll of noise {unknown}
 q - a scroll of enchant weapon {unknown}
 s - a scroll of poison {unknown}
Potions
 c - a potion of mutation {unknown}
 d - a potion of magic
 h - a potion of curing {unknown}
 p - a potion of brilliance {unknown}


   Skills:
 + Level 1.4 Fighting
 + Level 1.4 Short Blades
 + Level 1.4 Long Blades
 + Level 1.4 Axes
 + Level 1.4 Maces & Flails
 + Level 1.4 Polearms
 + Level 1.4 Staves
 + Level 1.4 Ranged Weapons
 + Level 1.4 Throwing
 + Level 1.4 Armour
 + Level 4.8 Dodging
 + Level 4.4 Stealth
 + Level 1.4 Shields
 + Level 1.4 Unarmed Combat
 + Level 7.3 Spellcasting
 + Level 2.4 Conjurations
 + Level 1.1 Hexes
 + Level 2.4 Summonings
 + Level 1.1 Necromancy
 + Level 2.4 Translocations
 + Level 1.1 Fire Magic
 + Level 1.1 Ice Magic
 + Level 1.1 Air Magic
 + Level 1.1 Earth Magic
 + Level 1.1 Alchemy
 + Level 1.6 Invocations
 + Level 1.4 Evocations
 + Level 1.3 Shapeshifting


You had 10 spell levels left.
You knew the following spells:

 Your Spells              Type           Power      Damage    Failure   Level
a - Magic Dart            Conj           52%        1d5       4%          1
b - Blink                 Tloc           26%        N/A       7%          2
c - Call Imp              Summ           26%        N/A       7%          2
d - Mephitic Cloud        Conj/Alch/Air  10%        N/A       19%         3

Your spell library contained the following spells:

 Spells                   Type           Power      Damage    Failure   Level
 Kiss of Death            Conj/Necr      44%        2d8       6%          1
 Slow                     Hex            36%        N/A       8%          1
 Cigotuvi's Dreadful Rot  Necr/Alch/Air  18%        N/A       11%         2
 Confusing Touch          Hex            9%         N/A       22%         3
 Dispel Undead            Necr           9%         3d8       58%         4


Dungeon Overview and Level Annotations

Branches:
Dungeon (4/15) Zot: 20991
 Temple: D:4-7

Altars:
Okawaru


Innate Abilities, Weirdness & Mutations

You have very sharp teeth.
Your uncanny sense of smell can sniff out nearby items.
Your experience applies equally to all skills.


Message History

The bombardier beetle is severely wounded.
The liquid fire burns you!
The bombardier beetle sprays incendiary fluid at you.
The burning spray hits you.
You are even more covered in liquid fire!
Your cerulean imp barely misses the bombardier beetle.
You take 3 damage, and have 18/37 hp.
You now have 5/14 mp.
You shake off some of the fire as you move.
The liquid fire burns you!
* * * LOW HITPOINT WARNING * * *
Your cerulean imp hits the bombardier beetle with a -3 spear.
The bombardier beetle bites your cerulean imp.
You take 4 damage, and have 14/37 hp.
Unknown command.
You shake off some of the fire as you move.
The liquid fire burns you!
* * * LOW HITPOINT WARNING * * *
Your cerulean imp hits the bombardier beetle with a -3 spear.
You take 5 damage, and have 9/37 hp.
Casting: Magic Dart (safe; 4% risk of failure)
Confirm with . or Enter, or press ? or * to list all spells.
Aiming: Mephitic Cloud (quite dangerous; 19% risk of failure)
Press: ? - help, Shift-Dir - straight line, f/p - bombardier beetle
Aim: a bombardier beetle (almost dead, not watching you, ally target, chance to affect: 91%)
The ball explodes into a vile cloud!
The stinking cloud engulfs your cerulean imp.
Your cerulean imp is lightly wounded.
The stinking cloud engulfs the bombardier beetle.
The bombardier beetle is almost dead.
* * * LOW MAGIC WARNING * * *
The liquid fire burns you!
* * * LOW HITPOINT WARNING * * *
Your cerulean imp barely misses the bombardier beetle.
The bombardier beetle is engulfed in noxious fumes.
The bombardier beetle appears confused.
You take 4 damage, and have 5/37 hp.
You now have 2/14 mp.
Unknown command.
It was a potion of haste.
You feel yourself speed up. The liquid fire burns you!
You die...

##.###...
....
##....#..#
...
#........##.#
#...........#
#.....#....#
#.....#§B..#
#.....<5...#
##...#.§§..#
#... #.@$..#
##. #......#
##........#
#.....#....
#.....##....#
#...... ..#.#
###..# ..###
### ##


You could see a bombardier beetle (confused, ally target) and a friendly
cerulean imp (summoned).

Vanquished Creatures
  Robin (D:2)
  3 gnolls (D:3)
  An orc (D:3)
  5 ball pythons
  6 bats
  3 endoplasms
  2 giant cockroaches
  12 goblins
  6 hobgoblins
  4 jackals (D:1)
  2 quokkas
  A frilled lizard (D:2)
  5 kobolds
  7 rats
58 creatures vanquished.

Vanquished Creatures (collateral kills)
  A bombardier beetle (D:3)
  A gnoll (D:3)
2 creatures vanquished.

Grand Total: 60 creatures vanquished

Notes
Turn   | Place    | Note
-------+----------+-------------------------------------------
     0 | D:1      | Datul the Gnoll Hedge Wizard began the quest for the Orb.
     0 | D:1      | Reached XP level 1. HP: 13/13 MP: 8/8
   222 | D:1      | Reached XP level 2. HP: 19/19 MP: 8/10
   991 | D:1      | Found a faded altar of an unknown god.
  1070 | D:1      | Reached XP level 3. HP: 25/25 MP: 8/11
  1461 | D:2      | Noticed Robin
  1542 | D:2      | Reached skill level 1 in Invocations
  1905 | D:2      | Reached skill level 1 in Fighting
  1905 | D:2      | Reached skill level 1 in Short Blades
  1905 | D:2      | Reached skill level 1 in Long Blades
  1905 | D:2      | Reached skill level 1 in Axes
  1905 | D:2      | Reached skill level 1 in Maces & Flails
  1905 | D:2      | Reached skill level 1 in Polearms
  1905 | D:2      | Reached skill level 1 in Staves
  1905 | D:2      | Reached skill level 1 in Ranged Weapons
  1905 | D:2      | Reached skill level 1 in Throwing
  1905 | D:2      | Reached skill level 1 in Armour
  1905 | D:2      | Reached skill level 1 in Shields
  1905 | D:2      | Reached skill level 1 in Unarmed Combat
  1905 | D:2      | Reached skill level 1 in Evocations
  2141 | D:2      | Killed Robin
  2142 | D:2      | Reached skill level 1 in Shapeshifting
  2142 | D:2      | Reached XP level 4. HP: 30/32 MP: 1/13
  2257 | D:2      | Learned a level 2 spell: Blink
  2301 | D:2      | Learned a level 2 spell: Call Imp
  2305 | D:2      | Learned a level 3 spell: Mephitic Cloud
  2343 | D:3      | Reached skill level 1 in Hexes
  2343 | D:3      | Reached skill level 1 in Necromancy
  2343 | D:3      | Reached skill level 1 in Fire Magic
  2343 | D:3      | Reached skill level 1 in Ice Magic
  2343 | D:3      | Reached skill level 1 in Air Magic
  2343 | D:3      | Reached skill level 1 in Earth Magic
  2343 | D:3      | Reached skill level 1 in Alchemy
  2604 | D:3      | Found an iron altar of Okawaru.
  2653 | D:3      | Reached XP level 5. HP: 29/37 MP: 3/14
  3006 | D:4      | Incinerated by a bombardier beetle

Illustrated notes

Levels and vault maps discovered:
D:1:      onia_arrival_mini_maze, layout_basic, ebering_ecumenical_altar_mist
D:2:      layout_basic, uniq_robin
D:3:      layout_rooms, old_standard_altar, minmay_misc_feat_room
D:4:      layout_cave_pools, temple_garden, serial_shops,
          nicolae_shop_drivethru, uniq_sigmund, uniq_menkaure

Skill      XL: |  1  2  3  4 |
---------------+-------------+-----
Conjurations   | 2 |  2.4
Summonings     | 2 |  2.4
Translocations | 2 |  2.4
Invocations    | 1 |  1.6
Fighting       | 1 |  1.4
Short Blades   | 1 |  1.4
Long Blades    | 1 |  1.4
Axes           | 1 |  1.4
Maces & Flails | 1 |  1.4
Polearms       | 1 |  1.4
Staves         | 1 |  1.4
Ranged Weapons | 1 |  1.4
Throwing       | 1 |  1.4
Armour         | 1 |  1.4
Shields        | 1 |  1.4
Unarmed Combat | 1 |  1.4
Evocations     | 1 |  1.4
Shapeshifting  | 1 |  1.3
Hexes          | 1 |  1.1
Necromancy     | 1 |  1.1
Fire Magic     | 1 |  1.1
Ice Magic      | 1 |  1.1
Air Magic      | 1 |  1.1
Earth Magic    | 1 |  1.1
Alchemy        | 1 |  1.1
Dodging        | |  4.8
Stealth        | |  4.4
Spellcasting   | |  7.3

Action                     |  1- 3 |  4- 6 || total
---------------------------+-------+-------++-------
  Melee: Dagger            |     4 |       ||     4
         Staff             |       |    11 ||    11
         Bite              |       |     2 ||     2
   Fire: Sling             |       |     1 ||     1
   Cast: Magic Dart        |   116 |    43 ||   159
         Call Imp          |       |     5 ||     5
         Mephitic Cloud    |       |     1 ||     1
    Use: Potion            |       |     1 ||     1
 Armour: Robe              |    19 |     8 ||    27
  Dodge: Dodged            |    18 |    14 ||    32
